MWL (24 & UNDER)
ERIE JAXX @ PLUMSTEAD EAGLES
08/05/2030
 
TOP OF THE 1ST
Erie Jaxx batting - Pitching for Plumstead Eagles : RHP Davis Morgan
Pitching: RHP Davis Morgan
Batting: RHB Raoul Alkemade 0-0: Called Strike
0-1: Fly out, F7 (Flyball, 78S)
Batting: RHB Juan González 0-0: Called Strike
0-1: Foul Ball, location: 2F
0-2: SINGLE (Groundball, 56) (infield hit)
Batting: RHB Shane Marshall 0-0: Called Strike
0-1: Ball
1-1: SINGLE (Line Drive, 4D)
Juan González to second
Batting: RHB Danny Morrison 0-0: Called Strike
0-1: Foul Ball, location: 2F
0-2: Ball
1-2: Strikes out swinging
Batting: RHB Edgardo Castro 0-0: Called Strike
0-1: Ball
1-1: Foul Ball, location: 2F
1-2: Ball
2-2: Ball
3-2: Fly out, F3 (Line Drive, 3S)
Top of the 1st over - 0 runs, 2 hits, 0 errors, 2 left on base; Erie 0 - Plumstead 0
BOTTOM OF THE 1ST
Plumstead Eagles batting - Pitching for Erie Jaxx : RHP Carlos Pérez
Pitching: RHP Carlos Pérez
Batting: RHB Wayne Workman 0-0: Called Strike
0-1: Swinging Strike
0-2: Foul Ball, location: 2F
0-2: Fly out, F8 (Flyball, 8LD)
Batting: LHB António Álvarez 0-0: SINGLE (Groundball, 6MD)
Batting: LHB Conan Bush 0-0: SINGLE (Line Drive, 7S)
António Álvarez to second
Batting: LHB Jerry Tolbert 0-0: Called Strike
0-1: SINGLE (Groundball, 6S) (infield hit)
António Álvarez to third
Conan Bush to second
Batting: LHB Miguel Gamboa 0-0: Swinging Strike
0-1: Ball
1-1: Called Strike
1-2: Fly out, F8 (Flyball, 8RD)
Runner from 3rd tags up, SCORES, throw made
Batting: LHB Joe Rutherford 0-0: Ball
1-0: Called Strike
1-1: Fly out, F8 (Flyball, 8LM)
Bottom of the 1st over - 1 run, 3 hits, 0 errors, 2 left on base; Erie 0 - Plumstead 1
TOP OF THE 2ND
Erie Jaxx batting - Pitching for Plumstead Eagles : RHP Davis Morgan
Batting: RHB Zachary Gadsden 0-0: Called Strike
0-1: Foul Ball, location: 2F
0-2: Ball
1-2: Foul Ball, location: 2F
1-2: Foul Ball, location: 2F
1-2: Foul Ball, location: 2F
1-2: Foul Ball, location: 2F
1-2: Ball
2-2: Ball
3-2: Foul Ball, location: 2F
3-2: Foul Ball, location: 2F
3-2: Fly out, F9 (Line Drive, 9S)
Batting: LHB Juan Vásquez 0-0: Foul Ball, location: 2F
0-1: Ball
1-1: Ball
2-1: Ground out 5-3 (Groundball, 2L)
Batting: RHB José Hernández 0-0: Foul Ball, location: 2F
0-1: Foul Ball, location: 2F
0-2: Strikes out looking
Top of the 2nd over - 0 runs, 0 hits, 0 errors, 0 left on base; Erie 0 - Plumstead 1
BOTTOM OF THE 2ND
Plumstead Eagles batting - Pitching for Erie Jaxx : RHP Carlos Pérez
Batting: RHB Jimmy Myers 0-0: Called Strike
0-1: Ball
1-1: Ball
2-1: Ball
3-1: Base on Balls
Batting: LHB José Marín 0-0: Called Strike
0-1: Foul Ball, location: 2F
0-2: Fielders Choice at 2nd, 1-4 (Groundball, 15S)
Batting: LHB Roberto Rodríguez 0-0: Ball
José Marín is caught stealing 2nd base
1-0: Swinging Strike
1-1: Ball
2-1: Called Strike
2-2: Ball
3-2: Ground out U3 (Groundball, 34S)
Bottom of the 2nd over - 0 runs, 0 hits, 0 errors, 0 left on base; Erie 0 - Plumstead 1
TOP OF THE 3RD
Erie Jaxx batting - Pitching for Plumstead Eagles : RHP Davis Morgan
Batting: LHB Matt Moore 0-0: Foul Ball, location: 2F
0-1: Foul Ball, location: 2F
0-2: Ball
1-2: Ball
2-2: Foul Ball, location: 2F
2-2: Foul Ball, location: 2F
2-2: Foul Ball, location: 2F
2-2: Strikes out swinging
Batting: RHB Raoul Alkemade 0-0: SINGLE (Groundball, 6MD)
Batting: RHB Juan González 0-0: SINGLE (Flyball, 78S)
Raoul Alkemade to second
Batting: RHB Shane Marshall 0-0: Ball
1-0: TRIPLE (Flyball, 9D)
Raoul Alkemade scores
Juan González scores
Batting: RHB Danny Morrison 0-0: Ball
1-0: Fly out, F7 (Flyball, 7D)
Runner from 3rd tags up, OUT at HOME
Top of the 3rd over - 2 runs, 3 hits, 0 errors, 0 left on base; Erie 2 - Plumstead 1
BOTTOM OF THE 3RD
Plumstead Eagles batting - Pitching for Erie Jaxx : RHP Carlos Pérez
Batting: RHB Wayne Workman 0-0: Ball
1-0: Foul Ball, location: 2F
1-1: SINGLE (Groundball, 34D)
Batting: LHB António Álvarez 0-0: Called Strike
0-1: Ball
1-1: Called Strike
1-2: Ball
2-2: Ball
3-2: Foul Ball, location: 2F
3-2: SINGLE (Groundball, 3D)
Wayne Workman to second
Runner from 2nd tries for 3rd, SAFE, no throw
Batting: LHB Conan Bush 0-0: Called Strike
0-1: Ball
1-1: Ball
2-1: Fly out, F6 (Popup, 6)
Batting: LHB Jerry Tolbert 0-0: Ball
1-0: Ball
2-0: Fielders Choice at 2nd, 4-6 (Groundball, 4)
Wayne Workman scores
Batting: LHB Miguel Gamboa 0-0: Ball
1-0: Fly out, F9 (Line Drive, 9S)
Bottom of the 3rd over - 1 run, 2 hits, 0 errors, 1 left on base; Erie 2 - Plumstead 2
TOP OF THE 4TH
Erie Jaxx batting - Pitching for Plumstead Eagles : RHP Davis Morgan
Batting: RHB Edgardo Castro 0-0: Called Strike
0-1: Called Strike
0-2: Strikes out swinging
Batting: RHB Zachary Gadsden 0-0: Called Strike
0-1: Called Strike
0-2: Foul Ball, location: 2F
0-2: Foul Ball, location: 2F
0-2: Strikes out swinging
Batting: LHB Juan Vásquez 0-0: Called Strike
0-1: Foul Ball, location: 2F
0-2: Ball
1-2: Foul Ball, location: 2F
1-2: Ball
2-2: Ball
3-2: Ground out 4-3 (Groundball, 4)
Top of the 4th over - 0 runs, 0 hits, 0 errors, 0 left on base; Erie 2 - Plumstead 2
BOTTOM OF THE 4TH
Plumstead Eagles batting - Pitching for Erie Jaxx : RHP Carlos Pérez
Batting: LHB Joe Rutherford 0-0: Foul Ball, location: 2F
0-1: Foul Ball, location: 2F
0-2: Ball
1-2: Ball
2-2: Ball
3-2: Foul Ball, location: 2F
3-2: Strikes out looking
Batting: RHB Jimmy Myers 0-0: Called Strike
0-1: Swinging Strike
0-2: Fly out, F9 (Flyball, 9)
Batting: LHB José Marín 0-0: SINGLE (Line Drive, 6)
Batting: LHB Roberto Rodríguez 0-0: Ball
1-0: DOUBLE (Line Drive, 89D)
José Marín to third
Runner from 3rd tries for Home, SAFE, no throw
Batting: RHB Wayne Workman 0-0: Intentional Walk
Batting: LHB António Álvarez 0-0: Called Strike
0-1: Ball
1-1: Ball
2-1: Ball
3-1: Called Strike
3-2: Ground out 6-3 (Groundball, 6S)
Bottom of the 4th over - 1 run, 2 hits, 0 errors, 2 left on base; Erie 2 - Plumstead 3
TOP OF THE 5TH
Erie Jaxx batting - Pitching for Plumstead Eagles : RHP Davis Morgan
Batting: RHB José Hernández 0-0: Ball
1-0: Ground out 1-3 (Groundball, 15S)
Batting: LHB Matt Moore 0-0: Ball
1-0: SINGLE (Groundball, 4MD)
Batting: RHB Raoul Alkemade 0-0: Called Strike
Matt Moore steals 2nd base
0-1: Ball
1-1: Ball
2-1: SINGLE (Line Drive, 4MS) (infield hit)
Matt Moore to third
Batting: RHB Juan González 0-0: SINGLE (Line Drive, 4MD)
Matt Moore scores
Raoul Alkemade to second
Runner from 2nd tries for 3rd, SAFE, throw made to third
Batting: RHB Shane Marshall 0-0: Ground out 5-3 (Groundball, 56S)
Raoul Alkemade scores
Juan González to second
Batting: RHB Danny Morrison 0-0: Foul Ball, location: 2F
0-1: Foul Ball, location: 2F
0-2: Ball
1-2: Strikes out swinging
Top of the 5th over - 2 runs, 3 hits, 0 errors, 1 left on base; Erie 4 - Plumstead 3
BOTTOM OF THE 5TH
Plumstead Eagles batting - Pitching for Erie Jaxx : RHP Carlos Pérez
Batting: LHB Conan Bush 0-0: Ground out 5-3 (Groundball, 56S)
Batting: LHB Jerry Tolbert 0-0: Swinging Strike
0-1: Swinging Strike
0-2: Ball
1-2: Ball
2-2: Strikes out looking
Batting: LHB Miguel Gamboa 0-0: Called Strike
0-1: Ball
1-1: Foul Ball, location: 2F
1-2: Ball
2-2: Fly out, F8 (Flyball, 89M)
Bottom of the 5th over - 0 runs, 0 hits, 0 errors, 0 left on base; Erie 4 - Plumstead 3
TOP OF THE 6TH
Erie Jaxx batting - Pitching for Plumstead Eagles : RHP Davis Morgan
Batting: RHB Edgardo Castro 0-0: Ball
1-0: Ball
2-0: Ball
3-0: Called Strike
3-1: Called Strike
3-2: Strikes out swinging
Batting: RHB Zachary Gadsden 0-0: Called Strike
0-1: Fly out, F4 (Flyball, 34D)
Batting: LHB Juan Vásquez 0-0: Called Strike
0-1: Bunted foul
0-2: Foul Ball, location: 2F
0-2: Ball
1-2: Strikes out swinging
Top of the 6th over - 0 runs, 0 hits, 0 errors, 0 left on base; Erie 4 - Plumstead 3
BOTTOM OF THE 6TH
Plumstead Eagles batting - Pitching for Erie Jaxx : RHP Carlos Pérez
Batting: LHB Joe Rutherford 0-0: Ball
1-0: Called Strike
1-1: Ball
2-1: SINGLE (Groundball, 4D)
Pitching: RHP Armando Rodríguez
Batting: RHB Jimmy Myers 0-0: SINGLE (Line Drive, 9LS)
Joe Rutherford to second
Batting: LHB José Marín 0-0: Ball
1-0: Ball
2-0: Ball
3-0: Called Strike
3-1: Base on Balls
Joe Rutherford to third
Jimmy Myers to second
Batting: LHB Roberto Rodríguez 0-0: Grounds into fielders choice 3-2 (Groundball, 3)
Jimmy Myers to third
José Marín to second
Batting: RHB Wayne Workman 0-0: Swinging Strike
0-1: Fly out, F9 (Flyball, 89S)
Batting: LHB António Álvarez 0-0: Ball
1-0: Ball
2-0: Ball
3-0: Called Strike
3-1: Foul Ball, location: 2F
3-2: Base on Balls
Jimmy Myers scores
José Marín to third
Roberto Rodríguez to second
Batting: LHB Conan Bush 0-0: Ball
1-0: Ball
2-0: Foul Ball, location: 2F
2-1: Foul Ball, location: 2F
2-2: Strikes out swinging
Bottom of the 6th over - 1 run, 2 hits, 0 errors, 3 left on base; Erie 4 - Plumstead 4
TOP OF THE 7TH
Erie Jaxx batting - Pitching for Plumstead Eagles : RHP Davis Morgan
Pitching: RHP Broderick Miller
Batting: RHB José Hernández 0-0: Called Strike
0-1: Foul Ball, location: 2F
0-2: Strikes out looking
Batting: LHB Matt Moore 0-0: Foul Ball, location: 2F
0-1: Ball
1-1: Ball
2-1: Ground out 4-3 (Groundball, 34)
Pinch Hitting: SHB José Salazar 0-0: Ball
1-0: Foul Ball, location: 2F
1-1: Ball
2-1: Ball
3-1: Base on Balls
Batting: RHB Juan González 0-0: Foul Ball, location: 2F
0-1: Ball
José Salazar steals 2nd base
1-1: Called Strike
1-2: Strikes out looking
Top of the 7th over - 0 runs, 0 hits, 0 errors, 1 left on base; Erie 4 - Plumstead 4
BOTTOM OF THE 7TH
Plumstead Eagles batting - Pitching for Erie Jaxx : RHP Armando Rodríguez
Now at 3B: José Salazar
Batting: LHB Jerry Tolbert 0-0: Ball
1-0: Called Strike
1-1: Fly out, F9 (Flyball, 89D)
Batting: LHB Miguel Gamboa 0-0: Ball
1-0: Foul Ball, location: 2F
1-1: Called Strike
1-2: Ball
2-2: Fly out, F2 (Popup, 2LF)
Batting: LHB Joe Rutherford 0-0: Ball
1-0: Ball
2-0: Called Strike
2-1: Foul Ball, location: 2F
2-2: SINGLE (Line Drive, 78S)
Batting: RHB Jimmy Myers 0-0: Foul Ball, location: 2F
0-1: Ball
1-1: Swinging Strike
1-2: Ball
2-2: Ball
3-2: Foul Ball, location: 2F
3-2: Base on Balls
Joe Rutherford to second
Batting: LHB José Marín 0-0: Ball
1-0: Ball
2-0: Called Strike
2-1: Ball
3-1: Foul Ball, location: 2F
3-2: Foul Ball, location: 2F
3-2: Base on Balls
Joe Rutherford to third
Jimmy Myers to second
Batting: LHB Roberto Rodríguez 0-0: Ball
1-0: Ball
2-0: Ball
3-0: Base on Balls
Joe Rutherford scores
Jimmy Myers to third
José Marín to second
Batting: RHB Wayne Workman 0-0: Ball
1-0: Swinging Strike
1-1: Ball
2-1: Ground out 5-3 (Groundball, 56)
Bottom of the 7th over - 1 run, 1 hit, 0 errors, 3 left on base; Erie 4 - Plumstead 5
TOP OF THE 8TH
Erie Jaxx batting - Pitching for Plumstead Eagles : RHP Broderick Miller
Batting: RHB Shane Marshall 0-0: Ball
1-0: Ball
2-0: Called Strike
2-1: Foul Ball, location: 2F
2-2: Ground out 4-3 (Groundball, 4)
Batting: RHB Danny Morrison 0-0: Ball
1-0: Ball
2-0: Ball
3-0: Called Strike
3-1: Base on Balls
Pitching: RHP Tim Whitacre
Batting: RHB Edgardo Castro 0-0: SINGLE (Groundball, 6D)
Danny Morrison to second
Batting: RHB Zachary Gadsden 0-0: Ball
1-0: Grounds into double play, 1-6-3 (Groundball, 13S)
Top of the 8th over - 0 runs, 1 hit, 0 errors, 1 left on base; Erie 4 - Plumstead 5
BOTTOM OF THE 8TH
Plumstead Eagles batting - Pitching for Erie Jaxx : RHP Armando Rodríguez
Pitching: LHP Jesús Acosta
Batting: LHB António Álvarez 0-0: Ball
1-0: Ball
2-0: Ball
3-0: Called Strike
3-1: Swinging Strike
3-2: Strikes out looking
Batting: LHB Conan Bush 0-0: Called Strike
0-1: Swinging Strike
0-2: Ball
1-2: Strikes out swinging
Batting: LHB Jerry Tolbert 0-0: Swinging Strike
0-1: Swinging Strike
0-2: Ball
1-2: Foul Ball, location: 2F
1-2: Foul Ball, location: 2F
1-2: Strikes out swinging
Bottom of the 8th over - 0 runs, 0 hits, 0 errors, 0 left on base; Erie 4 - Plumstead 5
TOP OF THE 9TH
Erie Jaxx batting - Pitching for Plumstead Eagles : RHP Tim Whitacre
Batting: LHB Juan Vásquez 0-0: Ball
1-0: Ball
2-0: Ball
3-0: Called Strike
3-1: SOLO HOME RUN (Flyball, 89XD), Distance : 395 ft
Batting: RHB José Hernández 0-0: Ball
1-0: Ground out U3 (Groundball, 34)
Batting: LHB Matt Moore 0-0: SINGLE (Line Drive, 9LM)
Batting: SHB José Salazar 0-0: Ball
1-0: Called Strike
Matt Moore steals 2nd base
1-1: Foul Ball, location: 2F
1-2: Strikes out swinging
Batting: RHB Juan González 0-0: Swinging Strike
0-1: Swinging Strike
0-2: Ball
1-2: Foul Ball, location: 2F
1-2: Strikes out swinging
Top of the 9th over - 1 run, 2 hits, 0 errors, 1 left on base; Erie 5 - Plumstead 5
BOTTOM OF THE 9TH
Plumstead Eagles batting - Pitching for Erie Jaxx : LHP Jesús Acosta
Pitching: RHP Arturo Martínez
Batting: LHB Miguel Gamboa 0-0: Foul Ball, location: 2F
0-1: Ball
1-1: Ball
2-1: Foul Ball, location: 2F
2-2: Foul Ball, location: 2F
2-2: Ball
3-2: Foul Ball, location: 2F
3-2: Foul Ball, location: 2F
3-2: Strikes out swinging
Batting: LHB Joe Rutherford 0-0: Ball
1-0: SINGLE (Flyball, 78M)
Pinch Runner at 1st Kel Turner:
Batting: RHB Jimmy Myers 0-0: Ball
1-0: Called Strike
1-1: Ball
2-1: Foul Ball, location: 2F
2-2: Ball
3-2: Fly out, F7 (Flyball, 78M)
Batting: LHB José Marín 0-0: Ball
1-0: Ball
2-0: Called Strike
2-1: Called Strike
2-2: Foul Ball, location: 2F
2-2: Ball
Kel Turner steals 2nd base
3-2: Ground out 6-3 (Groundball, 6M)
Bottom of the 9th over - 0 runs, 1 hit, 0 errors, 1 left on base; Erie 5 - Plumstead 5
TOP OF THE 10TH
Erie Jaxx batting - Pitching for Plumstead Eagles : RHP Tim Whitacre
Now at 3B: José Acuńa
Batting: RHB Shane Marshall 0-0: Ball
1-0: Ball
2-0: Ball
3-0: Called Strike
3-1: Base on Balls
Batting: RHB Danny Morrison 0-0: Ball
Shane Marshall steals 2nd base
1-0: Called Strike
1-1: Ball
2-1: Swinging Strike
2-2: Strikes out swinging, 2-3 out at first.
Batting: RHB Edgardo Castro 0-0: Ball
1-0: Ball
2-0: Ball
3-0: Called Strike
3-1: Reached on error, E6 (Groundball, 6)
Shane Marshall scores
Batting: RHB Zachary Gadsden 0-0: Ball
1-0: Called Strike
1-1: Ball
2-1: SINGLE (Flyball, 89M)
Edgardo Castro to third
Runner from 3rd tries for Home, SAFE, no throw
Batting: LHB Juan Vásquez 0-0: Ball
1-0: Ball
2-0: Foul Ball, location: 2F
2-1: 2-RUN HOME RUN (Flyball, 89XD), Distance : 410 ft
Pitching: RHP John Bauer
Batting: RHB José Hernández 0-0: Called Strike
0-1: Ball
1-1: SINGLE (Groundball, 6MD)
Batting: LHB Matt Moore 0-0: Called Strike
0-1: Fly out, F6 (Popup, 6M)
Batting: SHB José Salazar 0-0: Ball
1-0: Called Strike
1-1: Swinging Strike
1-2: Ball
2-2: Strikes out swinging
Top of the 10th over - 4 runs, 3 hits, 1 error, 1 left on base; Erie 9 - Plumstead 5
BOTTOM OF THE 10TH
Plumstead Eagles batting - Pitching for Erie Jaxx : RHP Arturo Martínez
Batting: LHB Roberto Rodríguez 0-0: Foul Ball, location: 2F
0-1: Ball
1-1: Ball
2-1: Ball
3-1: Foul Ball, location: 2F
3-2: Fly out, F9 (Flyball, 9LMF)
Batting: RHB Wayne Workman 0-0: Swinging Strike
0-1: Swinging Strike
0-2: Ball
1-2: Strikes out swinging
Batting: LHB António Álvarez 0-0: Ball
1-0: Called Strike
1-1: Swinging Strike
1-2: Ball
2-2: Ball
3-2: Strikes out looking
Bottom of the 10th over - 0 runs, 0 hits, 0 errors, 0 left on base; Erie 9 - Plumstead 5
Saturday, April 7th, 2018 - OOTP Baseball 18.8 Build 76